 Dungeon Crawl Stone Soup version 0.29.1-15-g9cfb28693d (webtiles) character file.

Game seed: 15943402039441506551

51 Descartes the Ducker (level 3, -1/15 HPs)
             Began as a Felid Transmuter on Apr 4, 2023.
             Slain by a jackal (3 damage)
             ... on level 2 of the Dungeon.
             The game lasted 00:02:54 (2227 turns).

Descartes the Ducker (Felid Transmuter)             Turns: 2227, Time: 00:02:55

Health: -1/15      AC:  1    Str:  8    XL:     3   Next: 58%
Magic:  5/7        EV: 18    Int: 14    God:
Gold:   43         SH:  0    Dex: 16    Spells: 5/6 levels left
                                        Lives:  0   Deaths: 0

rFire   . . .      SeeInvis +     - Unarmed
rCold   . . .      Faith    .   (shield unavailable)
rNeg    . . .      Spirit   .   (body armour unavailable)
rPois   .          Reflect  .   (helmet unavailable)
rElec   .          Harm     .   (cloak unavailable)
rCorr   .          Rampage  .   (gloves unavailable)
Will    .....                   (boots unavailable)
Stlth   +.........              (no amulet)
HPRegen 0.05/turn               (no ring)
MPRegen 0.10/turn               (no ring)

@: appendages (expiring), quick
A: horns 2, very small, claws 1, fangs 3, see invisible, speed 1, shaggy fur 1,
stealthy paws, no weapons or thrown items, no armour, multi-lived
a: End Transformation


You were on level 2 of the Dungeon.
You had temporarily grown beastly horns.
You visited 1 branch of the dungeon, and saw 3 of its levels.

You collected 113 gold pieces.
You spent 70 gold pieces at shops.

Inventory:

Jewellery
 g - a ring of flight
 h - an amulet of the acrobat
 l - a ring of magical power
Scrolls
 b - a scroll of magic mapping {unknown}
 d - 4 scrolls of identify
 e - a scroll of acquirement {unknown}
 i - a scroll of noise
Potions
 a - a potion of lignification
 c - 2 potions of attraction {unknown}
 f - 3 potions of curing {unknown}
 j - a potion of heal wounds {unknown}
 k - a potion of haste {unknown}


   Skills:
 - Level 1.0 Fighting
 + Level 3.7 Dodging
 + Level 3.6 Unarmed Combat
 - Level 2.0 Spellcasting
 + Level 3.1 Transmutations


You had 5 spell levels left.
You knew the following spells:

 Your Spells              Type           Power      Damage    Failure   Level
a - Beastly Appendage     Tmut           20%        N/A       7%          1

Your spell library contained the following spells:

 Spells                   Type           Power      Damage    Failure   Level
 Wereblood                Tmut           10%        N/A       10%         2
 Spider Form              Tmut/Pois      5%         N/A       36%         3
 Ice Form                 Ice/Tmut       5%         N/A       77%         4


Dungeon Overview and Level Annotations

Branches:
Dungeon (3/15)

Altars:

Shops:
D:1 [   D:2 ?


Innate Abilities, Weirdness & Mutations

You have temporarily grown beastly horns.
You have sharp claws.
You have razor-sharp teeth.
You have supernaturally acute eyesight. (SInv)
You cover ground quickly. (Speed+)
You are covered in fur. (AC +1)
Your paws help you pounce on unaware monsters.
You are incapable of wielding weapons or throwing items.
You cannot wear armour.
You gain extra lives every three experience levels.


Message History

The jackal misses you. x2; The jackal closely misses you.
The jackal bites you.
You are too injured to fight recklessly!
You are too injured to fight recklessly!
You are too injured to fight recklessly!
Unknown command.
You barely miss the jackal. Your headbutt misses the jackal.
The jackal closely misses you. The jackal barely misses you.
The jackal misses you. The jackal closely misses you. x2
You scratch the jackal.
The jackal is almost dead.
The jackal closely misses you. x2; The jackal barely misses you.
You scratch the jackal.
You kill the jackal!
The jackal closely misses you. The jackal completely misses you.
Unknown command.
The jackal attacks as you move away! The jackal misses you.
The jackal barely misses you.
Your magical contamination has completely faded away.
You see here a jackal corpse.
You scratch the jackal but do no damage.
Your headbutt misses the jackal.
The jackal is heavily wounded.
The jackal barely misses you. The jackal misses you. The jackal bites you.
* * * LOW HITPOINT WARNING * * *
The jackal closely misses you.
You barely miss the jackal. You bite the jackal.
You kill the jackal!
The jackal misses you. The jackal closely misses you.
You closely miss the jackal. You bite the jackal.
The jackal is heavily wounded.
The jackal closely misses you.
You scratch the jackal.
The jackal is almost dead.
Your transformation is almost over.
The jackal closely misses you. The jackal completely misses you.
You closely miss the jackal. Your headbutt misses the jackal.
The jackal is almost dead.
The jackal bites you.
You die...

#..#...∩...# #.......#.###.
#.####.##########
#.###...#.##.< ..#
#..........####.##...##.#..#
<##
####...............#..#.#.## .#
#..........##.##........#. .#
#..........#..##..#.##.#.. .#
#............###..#.##...# .#
#..........#.###..#.....## .##
#.......†@....##..#....## ..#
##......h..##.....#...## #.##
#..........###....#...# #..##
#.....................# ##†.##
#..........##.........##
##..###..........##.##.##.#..#
##..............##.##.##.##.###
#.............#...##.##.##....
#....................##.######


You could see a jackal.

Vanquished Creatures
  An adder (D:2)
  2 worms (D:2)
  A dart slug (D:1)
  5 ball pythons
  2 bats (D:1)
  2 endoplasms (D:2)
  A giant cockroach (D:2)
  3 goblins
  5 hobgoblins
  2 jackals (D:2)
  A kobold (D:1)
  2 quokkas (D:2)
  2 rats
29 creatures vanquished.

Notes
Turn   | Place    | Note
-------+----------+-------------------------------------------
     0 | D:1      | Descartes the Felid Transmuter began the quest for the Orb.
     0 | D:1      | Reached XP level 1. HP: 9/9 MP: 4/4
   191 | D:1      | Reached XP level 2. HP: 9/12 MP: 4/6
   535 | D:1      | Found a faded altar of an unknown god.
   730 | D:1      | Found Mumeed's Armour Shoppe.
  1349 | D:2      | Found Imagho's Magic Scroll Emporium.
  1352 | D:2      | Bought a scroll of noise for 10 gold pieces
  1352 | D:2      | Bought 3 scrolls of identify for 60 gold pieces
  1388 | D:2      | Reached XP level 3. HP: 13/15 MP: 7/7
  2227 | D:2      | Slain by a jackal

Illustrated notes

Levels and vault maps discovered:
D:1:      psy_arrival_whirlpool, layout_basic, serial_shops, nicolae_shop_stone,
          shapermc_ecumenical_altar_pompeii, glass_columns_b,
          minmay_misc_feat_hallway
D:2:      layout_rooms, serial_shops, shop
D:3:      minmay_chambers_of_threes, layout_rooms, kennysheep_generic_room_4

Skill      XL: |  1  2  3 |
---------------+----------+-----
Dodging        | 3 |  3.7
Transmutations | 3 |  3.1
Fighting       | |  1.0
Unarmed Combat | |  3.6
Spellcasting   | |  2.0

Action                   || total
-------------------------++-------
Melee: Unarmed           ||    91
       Headbutt          ||    18
       Bite              ||    10
       Punch             ||     1
 Cast: Beastly Appendage ||    28
 Stab: Sleeping          ||     1
Armor: Skin              ||     5
Dodge: Dodged            ||    97
